 Dungeon Crawl Stone Soup version 0.29.1-13-g9f3cf754e1 (webtiles) character file.

Game seed: 11970583375371407648

636 promet the Poker (level 7, 0/55 HPs)
             Began as a Merfolk Fighter on Feb 10, 2023.
             Was a Follower of Uskayaw.
             Slain by an orc warrior
             ... wielding a +0 hand axe
              (1 damage)
             ... on level 6 of the Dungeon.
             The game lasted 00:23:19 (6074 turns).

promet the Poker (Merfolk Fighter)                  Turns: 6074, Time: 00:23:21

Health: 0/55       AC:  9    Str: 16    XL:     7   Next: 50%
Magic:  7/7        EV: 10    Int: 10    God:    Uskayaw [*.....]
Gold:   1561       SH:  0    Dex: 13    Spells: 6/6 levels left

rFire   . . .      SeeInvis .   c - +1 lajatang
rCold   . . .      Faith    .   (shield currently unavailable)
rNeg    . . .      Spirit   .   d - +0 scale mail
rPois   .          Reflect  .   (no helmet)
rElec   .          Harm     .   (no cloak)
rCorr   .          Rampage  .   k - +0 pair of gloves
Will    .....                   f - +0 pair of boots
Stlth   ..........              (no amulet)
HPRegen 0.18/turn               (no ring)
MPRegen 0.10/turn               (no ring)

@: no status effects
A: (nimble swimmer 2), mertail
a: Renounce Religion, Stomp


You were on level 6 of the Dungeon.
You worshipped Uskayaw.
Uskayaw was noncommittal.
You visited 1 branch of the dungeon, and saw 6 of its levels.

You collected 1606 gold pieces.
You spent 45 gold pieces at shops.

Inventory:

Hand Weapons
 a - a +0 trident
 b - a +0 arbalest
 c - a +1 lajatang (weapon)
 r - a +0 rapier
 t - a +0 long sword
 y - the +0 war axe of Wealth {flame, Stlth+}
   (You found it on level 5 of the Dungeon)

   It burns those it strikes, dealing additional fire damage.
   Big, fiery blades are also staple armaments of hydra-hunters.
   Stlth:     It makes you more stealthy.
Missiles
 e - a poisoned dart
 g - 6 javelins (quivered)
 h - 51 stones
Armour
 d - a +0 scale mail (worn)
 f - a +0 pair of boots (worn)
 k - a +0 pair of gloves (worn)
 p - a +0 buckler
Jewellery
 j - a ring of protection from fire
Wands
 u - a wand of polymorph (10)
Scrolls
 v - a scroll of teleportation
Potions
 i - a potion of mutation {unknown}
 l - a potion of curing
 m - a potion of brilliance {unknown}
 n - a potion of heal wounds {unknown}
 o - 2 potions of attraction
 q - a potion of cancellation {unknown}
 s - a potion of resistance {unknown}
 w - 2 potions of haste
 x - 2 potions of degeneration {unknown}


   Skills:
 + Level 4.9 Fighting
 + Level 5.2(6.0) Polearms
 * Level 2.7(3.5) Staves
 + Level 1.1 Throwing
 + Level 3.5 Armour
 + Level 3.1 Dodging
 + Level 0.6 Stealth
 + Level 3.2 Shields


You had 6 spell levels left.
You didn't know any spells.
Your spell library contained the following spells:

 Spells                   Type           Power      Damage    Failure   Level
 Blink                    Tloc           0%         N/A       89%         2
 Frozen Ramparts          Ice            0%         1d1       98%         3
 Gell's Gravitas          Tloc           0%         N/A       98%         3
 Lesser Beckoning         Tloc           0%         N/A       98%         3
 Mephitic Cloud           Conj/Pois/Air  0%         N/A       98%         3
 Teleport Other           Tloc           0%         N/A       98%         3
 Manifold Assault         Tloc           0%         N/A       100%        5
 Dispersal                Tloc           0%         N/A       100%        6
 Ozocubu's Refrigeration  Ice            0%         4d7       100%        7
 Spellforged Servitor     Conj/Summ      0%         N/A       100%        7


Dungeon Overview and Level Annotations

Branches:
Dungeon (6/15)
 Temple: D:4-7

Altars:
Gozag
Hepliaklqana
Okawaru
Ru
Uskayaw
Yredelemnul
Zin
The Shining One

Shops:
D:2 (


Innate Abilities, Weirdness & Mutations

((You are very nimble when in or above water. (Stealth+, EV+, Speed+++)))
Your lower body shifts to a powerful aquatic tail in water.


Message History

The orc warrior hits you with a +0 hand axe!
c - a +1 lajatang (weapon)
The orc shouts!
The orc priest looks encouraged for a moment.
The orc warrior hits you with a +0 hand axe!
You slash the orc warrior!
The orc warrior is severely wounded.
The orc warrior hits you with a +0 hand axe!
You can now pass through a line of other dancers.
You hit the orc warrior.
The orc warrior is severely wounded.
The orc priest looks satisfied for a moment.
The orc warrior hits you with a +0 hand axe.
You closely miss the orc warrior.
The orc warrior is severely wounded.
The orc warrior closely misses you. The orc warrior barely misses you.
You closely miss the orc warrior.
The orc warrior is severely wounded.
The orc warrior hits you with a +0 hand axe!
* * * LOW HITPOINT WARNING * * *
The orc priest calls upon Beogh to heal the orc warrior.
The orc warrior is healed somewhat.
You barely miss the orc warrior.
The orc warrior is heavily wounded.
The orc warrior barely misses you.
You barely miss the orc warrior.
The orc warrior is heavily wounded.
The orc warrior hits you with a +0 hand axe.
* * * LOW HITPOINT WARNING * * *
You can no longer pass through a line of other dancers.
You feel better.
The orc warrior hits you with a +0 hand axe!
* * * LOW HITPOINT WARNING * * *
You barely miss the orc warrior.
The orc warrior is heavily wounded.
The orc priest calls down the wrath of Beogh upon you.
Beogh smites you!
* * * LOW HITPOINT WARNING * * *
The orc warrior hits you with a +0 hand axe.
You die...

.# .# .# ###
.#
###.##..#####
..... .....##
##.###.$.....
##...@oo.#
##.)<####.#
#####>..## ..
#####......##
#.#
###.....###.##
#~ ....#####
#.# # #####
#.# ..# .##


You could see an orc warrior and an orc priest.

Vanquished Creatures
  An ogre (D:5)
  A centaur (D:4)
  A scorpion (D:5)
  2 hounds
  A jelly (D:4)
  Terence (D:2)
  2 iguanas
  Natasha (thrice) (D:4)
  3 gnolls (D:3)
  6 adders
  An ufetubus (D:5)
  3 worms
  A dart slug (D:4)
  4 orcs
  4 bats
  9 endoplasms
  3 giant cockroaches
  4 goblins
  5 hobgoblins
  10 jackals
  3 quokkas (D:4)
  9 ball pythons
  2 frilled lizards
  A kobold (D:2)
  6 rats
86 creatures vanquished.

Vanquished Creatures (others)
  4 fungi (D:6)
4 creatures vanquished.

Grand Total: 90 creatures vanquished

Notes
Turn   | Place    | Note
-------+----------+-------------------------------------------
     0 | D:1      | promet the Merfolk Fighter began the quest for the Orb.
     0 | D:1      | Reached XP level 1. HP: 18/18 MP: 1/1
   240 | D:1      | Got the Directory of the Blizzard and Blasts
   292 | D:1      | Reached skill level 1 in Dodging
   292 | D:1      | Reached XP level 2. HP: 24/24 MP: 2/2
   425 | D:1      | Identified a scroll of acquirement
   425 | D:1      | Acquired 1281 gold pieces
   764 | D:2      | Reached skill level 3 in Polearms
   764 | D:2      | Reached XP level 3. HP: 29/29 MP: 3/3
   947 | D:2      | Reached XP level 4. HP: 22/37 MP: 4/4
  1254 | D:2      | Noticed Terence
  1269 | D:2      | Killed Terence
  1519 | D:2      | Found Oqaddev's Weapon Shop.
  1529 | D:2      | Bought a +0 arbalest for 45 gold pieces
  1538 | D:2      | Found a basalt altar of Yredelemnul.
  1583 | D:2      | Found a faded altar of an unknown god.
  1721 | D:2      | Reached skill level 4 in Polearms
  2221 | D:3      | Reached XP level 5. HP: 42/42 MP: 5/5
  2362 | D:3      | Found a hide-covered altar of Uskayaw.
  2368 | D:3      | Became a worshipper of Uskayaw the Reveller
  2382 | D:3      | Found a sacrificial altar of Ru.
  2587 | D:3      | Reached * piety under Uskayaw
  2737 | D:3      | Reached ** piety under Uskayaw
  2746 | D:3      | Reached *** piety under Uskayaw
  3273 | D:3      | Found a glowing golden altar of the Shining One.
  3720 | D:3      | Found a glowing silver altar of Zin.
  4141 | D:4      | Reached skill level 1 in Staves
  4210 | D:4      | Noticed a centaur
  4221 | D:4      | Noticed Natasha
  4225 | D:4      | Reached XP level 6. HP: 40/49 MP: 6/6
  4241 | D:4      | Killed Natasha
  4250 | D:4      | Reached **** piety under Uskayaw
  4728 | D:4      | Reached skill level 5 in Polearms
  4840 | D:4      | Found an iron altar of Okawaru.
  4897 | D:4      | Noticed Natasha
  4902 | D:4      | Killed Natasha
  4993 | D:4      | Noticed Natasha
  5001 | D:4      | Killed Natasha
  5002 | D:4      | Reached XP level 7. HP: 50/55 MP: 7/7
  5035 | D:4      | Found a hazy altar of Hepliaklqana.
  5123 | D:5      | Entered Level 5 of the Dungeon
  5187 | D:5      | Reached skill level 1 in Throwing
  5793 | D:5      | Identified the +0 war axe of Wealth {flame, Stlth+}
  5926 | D:5      | Found an opulent altar of Gozag.
  6074 | D:6      | HP: 1/55 [orc priest/divine providence (11)]
  6074 | D:6      | Slain by an orc warrior

Illustrated notes

Levels and vault maps discovered:
D:1:      lightli_arrival_quake, layout_loops_corners, roderic_roman_lattice,
          lemuel_flame_loot_1
D:2:      layout_loops_corners, basic_altar, serial_shops, shop,
          nicolae_ecumenical_oubliette, uniq_terence
D:3:      layout_loops_corners, tso_metal_star, mainiacjoe_overflow_brackets,
          mainiacjoe_overflow_six_doors_small, nicolae_overflow_crystal_walls,
          dk_vineyard_3
D:4:      layout_rooms, mainiacjoe_overflow_alcove_2,
          mainiacjoe_overflow_alcove_1, nicolae_ossuary_entry_monument,
          uniq_natasha
D:5:      layout_rooms, grunt_gozag_statues
D:6:      layout_rooms, pdpol_wu_jian_five_deadly_venoms, kennysheep_mini,
          minmay_temple_entry_gardened_gates, serial_aquarium,
          aquarium_bridge_long_separate [aquarium_subvault_window,
          aquarium_subvault_balcony, aquarium_subvault_bridge,
          aquarium_subvault_window, aquarium_subvault_window,
          aquarium_subvault_bridge], aquarium_window_fake, aquarium_window_1,
          aquarium_window_corner, aquarium_window_corridor_1, aquarium_view_2f,
          chequers_arboretum

Skill      XL: |  1  2  3  4  5  6  7 |
---------------+----------------------+-----
Dodging        | 1 2 3 |  3.1
Polearms       | 3 4 5 |  5.2
Fighting       | 4 |  4.9
Staves         | 1 2 |  2.7
Armour         | 3 |  3.5
Throwing       | 1 |  1.1
Stealth        | |  0.6
Shields        | |  3.2

Action                   |  1- 3 |  4- 6 |  7- 9 || total
-------------------------+-------+-------+-------++-------
Melee: Trident           |    88 |   140 |     1 ||   229
       Lajatang          |       |    40 |    44 ||    84
 Fire: Arbalest          |       |     5 |     5 ||    10
Throw: Javelin           |       |     8 |     3 ||    11
       Dart              |       |     2 |     2 ||     4
  Use: Scroll            |     3 |     3 |     5 ||    11
       Potion            |       |     1 |     1 ||     2
 Stab: Paralysed         |       |     1 |       ||     1
Armor: Scale mail        |    33 |    93 |    26 ||   152
Dodge: Dodged            |    33 |    93 |    26 ||   152
Block: Buckler           |    12 |     3 |       ||    15
